← All builds
Geo sea / Armada / Economy first / OBSERVED BUILD

Standard geo sea

Armada Geo sea build order · Supreme Isthmus

The role's baseline: bot lab then shipyard in the cove, early destroyer and submarine to contest the sea, with geothermal powering the economy as the game transitions into a naval/amphibious mix.

Usually shipyard in the cove (89%)

#naval #eco · 1366 distinct matches · 174 players · 78% of Armada Geo sea games · team won 55% of 1522 · Recently observed

HOW TO PLAY IT

Key timing: Shipyard by 3:12

  1. Open 3 mex and wind, then drop Bot Lab by 1:12.
  2. Build Shipyard in the cove to start the naval contest.
  3. Pump submarine then destroyer to contest enemy sea entry.
  4. Add geothermal powerplant to fund the economy transition.
  5. Upgrade to Advanced Metal Extractor as eco scaling finishes.

Phase by phase

TYPICAL OF ITS 1366 GAMES
  1. 1
  2. 2
  3. 3
  4. 4
PLAY THE OPENING

Follow the example game's first 6:00 step by step: what to build now, what comes next, and where it goes. At 1× it keeps pace with your own game.

  1. 1

    Up to the Bot Lab

    Economy
    • Metal Extractor3Mex
    • Wind Turbine3Wind
    Order
    1. Bot LabBot Lab after 3 mex, 3 winddone ~1:12, middle half 1:06–1:18

    Some games also: wind for allies (46%)

    By 0:55 in all: 3 mex · 3 wind

    The example game in this phase · 3 steps
    1. Mex ×3
    2. Wind ×3
    3. Bot LabBot Labdone 1:15 · typical 1:12
  2. 2

    Bot Lab to Shipyard

    Economy
    • Metal Extractor1Mex
    • Wind Turbine1Wind
    Order
    1. ShipyardShipyard after 4 mex, 4 winddone ~3:11, middle half 2:48–3:37
    Builders
    • Construction Bot3 Con bot
    • Lazarus2 Lazarus

    Some games also: pawn (41%) · con turret (39%) · crossbow (38%)

    By 2:47 in all: 4 mex · 4 wind

    The example game in this phase · 5 steps
    1. Construction BotCon bot
    2. LazarusLazarusfor Air
    3. LazarusLazarus
    4. Construction BotCon bot
    5. ShipyardShipyarddone 2:34 · typical 3:11
  3. 3

    Shipyard to 5:00

    Economy
    • Metal Extractor4Mex
    • Wind Turbine2Wind
    Order
    1. Bot LabEat Bot Lab
    Builders
    • Construction Ship1 Con ship
    Army
    • Dolphin3 Dolphin
    • Skater1 Skater
    Other
    • Radar Tower1 Radar Tower

    Some games also: destroyer (48%) · Sentry (44%) · submarine (44%) · converter (33%) · con turret (32%)

    By 5:00 in all: 8 mex · 7 wind · 1 energy storage · 1 con turret

    The example game in this phase · 21 steps
    1. LazarusLazarus ×2
    2. SkaterSkater ×2
    3. EelSubmarinedone 3:14 · typical 4:27
    4. Bot LabEat Bot Labreclaimed for its metal
    5. Construction ShipCon ship
    6. Mex
    7. Construction ShipCon ship
    8. DolphinDolphin
    9. Mex
    10. DolphinDolphin
    11. Radar TowerRadar Tower
    12. Mex ×2
    13. DolphinDolphin
    14. Mex
    15. Converter ×2
    16. DolphinDolphin
    17. Converter
    18. DolphinDolphin
    19. Mex ×2
    20. Converter
    21. SkaterSkater
  4. 4

    5:00 to 10:00

    Economy
    • Metal Extractor2Mex
    • Wind Turbine12Wind
    • Energy Converter3Converter
    Builders
    • Construction Turret1 Con turret
    • Grim Reaper1 Grim Reaper
    • Construction Ship1 Con ship
    Army
    • Sentry1 Sentry
    • Dolphin4 Dolphin
    • Skater2 Skater
    • Corsair2 Destroyer

    Some games also: Harpoon (42%) · frigate (42%) · geo (41%) · Naval Construction Turret (35%) · submarine (30%)

    By 10:00 in all: 11 mex · 20 wind · 1 geo · 4 converter · 1 energy storage · 2 con turret

    The example game in this phase · 173 steps
    1. Energy storage
    2. Wind
    3. Mex
    4. EelSubmarine
    5. HarpoonHarpoon
    6. Wind ×2
    7. Construction ShipCon ship
    8. HarpoonHarpoon
    9. Wind
    10. Grim ReaperGrim Reaper
    11. CorsairDestroyerdone 6:35 · typical 5:39
    12. Wind ×2
    13. Naval Radar / Sonar TowerNaval Radar / Sonar Tower
    14. Wind
    15. CorsairDestroyer
    16. Wind ×3
    17. DolphinDolphin ×2
    18. Wind
    19. Naval Construction Turret
    20. DolphinDolphin
    21. Wind ×2
    22. DolphinDolphin ×2
    23. Wind
    24. SkaterSkater
    25. Advanced Metal ExtractorT2 mexdone 9:17 · typical 9:20
    26. EelSubmarine
    27. Wind ×2
    28. Construction ShipCon ship
    29. Tidal
    30. Grim ReaperGrim Reaper
    31. Wind
    32. DolphinDolphin
    33. Wind
    34. Tidal
    35. DolphinDolphin
    36. Wind
    37. DolphinDolphin
    38. Wind
    39. Tidal
    40. DolphinDolphin ×2
    41. Wind
    42. Naval Construction Turret
    43. Wind
    44. Tidal
    45. Advanced Metal ExtractorT2 mex
    46. Tidal ×2
    47. Wind
    48. Tidal ×2
    49. Wind
    50. Tidal ×3
    51. Naval Metal Storage
    52. Naval Construction Turret
    53. Tidal
    54. Wind ×2
    55. Tidal ×2
    56. Naval Construction Turret
    57. Tidal
    58. Naval Construction Turret
    59. Bot LabBot Labdone 10:25
    60. Wind
    61. Tidal ×2
    62. Bot LabBot Labdone 10:31
    63. Wind
    64. Tidal
    65. PawnPawn
    66. PawnPawnfor Pond
    67. CenturionCenturion
    68. CenturionCenturionfor Pond
    69. Advanced Metal ExtractorT2 mex
    70. Tidal
    71. Wind
    72. PawnPawn
    73. Tidal
    74. PawnPawn
    75. CenturionCenturion
    76. CenturionCenturionfor Pond
    77. Tidal
    78. Wind
    79. PawnPawn
    80. PawnPawnfor Pond
    81. CenturionCenturionfor Pond
    82. CenturionCenturion
    83. Tidal
    84. Wind
    85. Mex
    86. Tidal
    87. PawnPawn ×2
    88. CenturionCenturion ×2for Pond
    89. Wind
    90. Tidal ×2
    91. PawnPawnfor Pond
    92. Wind
    93. PawnPawn
    94. CenturionCenturion ×2for Pond
    95. Tidal
    96. Mex
    97. Wind
    98. Tidal
    99. Construction BotCon bot ×2
    100. Tidal
    101. Construction BotCon bot ×2
    102. Wind
    103. Construction BotCon bot
    104. Tidal
    105. Construction BotCon bot
    106. PawnPawnfor Pond
    107. Mex
    108. PawnPawnfor Pond
    109. CenturionCenturionfor Pond
    110. CenturionCenturion
    111. Tidal
    112. Advanced ShipyardAdvanced Shipyarddone 13:00
    113. PawnPawn
    114. Advanced Metal ExtractorT2 mex
    115. Tidal ×2
    116. Wind
    117. Tidal
    118. Construction BotCon bot
    119. ShipyardEat Shipyardreclaimed for its metal
    120. Wind
    121. Bot LabEat Bot Labreclaimed for its metal
    122. Tidal
    123. Construction BotCon bot
    124. Advanced Construction SubAdvanced Construction Sub
    125. Naval Radar / Sonar TowerNaval Radar / Sonar Tower
    126. Construction BotCon bot
    127. Con turret ×2
    128. Wind
    129. Con turret
    130. Tidal
    131. Bot LabEat Bot Labreclaimed for its metal
    132. VoyagerVoyager
    133. Naval Advanced Metal ExtractorNaval Advanced Metal Extractordone 14:03
    134. VoyagerVoyager
    135. Con turret
    136. VoyagerVoyager ×2
    137. Tidal
    138. Wind
    139. Con turret ×2
    140. VoyagerVoyager
    141. HarpoonHarpoon
    142. Advanced Metal ExtractorT2 mex
    143. Tidal
    144. Wind
    145. PlatypusPlatypus
    146. Naval Advanced Metal ExtractorNaval Advanced Metal Extractor
    147. PlatypusPlatypus
    148. HarpoonHarpoon
    149. Wind ×2
    150. VoyagerVoyager
    151. Wind
    152. Naval Construction Turret
    153. Wind ×2
    154. PlatypusPlatypus
    155. Wind
    156. Naval Construction Turret
    157. Wind
    158. VoyagerVoyager
    159. Wind
    160. Con turret
    161. Wind ×2
    162. Naval Construction Turret
    163. Wind ×6
    164. Advanced Metal ExtractorT2 mex
    165. Wind
    166. Naval Construction Turret
    167. Wind ×4
    168. PlatypusPlatypus
    169. Dragon's TeethDragon's Teeth
    170. Wind ×2
    171. Naval Construction Turret
    172. PlatypusPlatypus ×2
    173. Wind ×2

Counts are medians over the build's games: half of them build more, half fewer. The example game is SeduceUrAfus's (48 OS, 14/10/2026); pick another.

Team trades

IN AT LEAST 30% OF ITS GAMES

You hand over

  • Wind Turbine2 Wind to Airfirst at 1:41 · in 64% of games

You get

  • Finch1 Finch from Airfirst at 1:53 · in 74% of games
  • Hercules1 Light transport from Airfirst at 2:04 · in 65% of games
  • Advanced Construction Bot1 T2 con bot from Techfirst at 7:43 · in 90% of games

How it plays out

Typical game of this build, running totals by minute

Metal produced

010k20k30k
0:005:0010:0015:00

metal

Enemy metal destroyed

05k10k
0:005:0010:0015:00

metal

Own metal lost

02.5k5k7.5k
0:005:0010:0015:00

metal

1522 games.

Show as table
ByMetal produced: This buildEnemy metal destroyed: This buildOwn metal lost: This build
1:0039500
2:0092800
3:00159900
4:002876040
5:00412519054
6:005516531294
7:007053988625
8:00871716811028
9:001057124591592
10:001280033632241
11:001537844273115
12:001846254733815
13:002179564554611
14:002540875645386
15:002899384626190
WHAT THE NUMBERS SAY

Standard Geo sea play wins slightly less than half the time but builds a strong metal base by 15:00 with moderate losses.

  • + Metal produced reaches 29210 by 15:00, well above Beach sea's early pace.
  • + Corsair (destroyer) makes up 34% of army, a clear naval focus.
  • − Own metal lost climbs to 6339 by 15:00 from sea skirmishes.
  • − Geothermal only completes in 58% of games, an inconsistent power spike.
THE EXAMPLE YOU ARE READING

SeduceUrAfus

48.5 OS · 14/10/2026

Open source match ↗

4 received units · includes a constructor
332 metal received · 68788 energy received

Allied construction assistance is unknown. Timings are observations, not a promise of solo reproducibility.

Typical milestones

Bot Lab1:12Middle 50%: 1:06–1:18 · n=1479
Shipyard3:11Middle 50%: 2:48–3:37 · n=1501
Eel4:27Middle 50%: 3:45–5:38 · n=926
Corsair5:39Middle 50%: 4:56–6:38 · n=1401
Geothermal Powerplant7:52Middle 50%: 6:49–9:30 · n=961
Advanced Metal Extractor9:20Middle 50%: 8:39–10:10 · n=1332

Played most by

_X_136games of this buildJesterB68games of this buildOptimusprimenutt61games of this buildhaaven55games of this buildpyrothraxus51games of this build
Standard geo sea · Armada Geo sea build order · BAR Build Atlas